 Dungeon Crawl Stone Soup version 0.22-a0-406-g9ff8d77 (webtiles) character file.

333 Borgoz the Chopper (level 6, 0/84 HPs)
             Began as a Minotaur Berserker on May 8, 2018.
             Was a Believer of Trog.
             Succumbed to a gnoll's poison
             ... on level 5 of the Dungeon.
             The game lasted 00:04:24 (2810 turns).

Borgoz the Chopper (Minotaur Berserker)             Turns: 2810, Time: 00:04:25

Health: 0/84       AC:  4    Str: 29    XL:     6   Next: 27%
Magic:  5/5        EV: 13    Int:  4    God:    Trog [**....]
Gold:   209        SH:  0    Dex: 11    Spells: 5/5 levels left

rFire    . . .     SeeInvis .   a - +1 hand axe
rCold    . . .     Gourm    .   (no shield)
rNeg     . . .     Faith    .   b - +0 animal skin
rPois    .         Spirit   .   i - +2 hat
rElec    .         Reflect  .   (no cloak)
rCorr    +         Harm     .   (no gloves)
MR       .....                  (no boots)
Stlth    ..........             (no amulet)
HPRegen  0.24/turn              g - +2 ring of strength
MPRegen  0.09/turn              p - ring of resist corrosion

@: berserking, lethally poisoned (0 -> -19), very quick
A: retaliatory headbutt, horns 2
a: Berserk, Trog's Hand, Renounce Religion


You were on level 5 of the Dungeon.
You worshipped Trog.
Trog was pleased with you.
You were very hungry.

You visited 1 branch of the dungeon, and saw 5 of its levels.

You collected 209 gold pieces.

Inventory:

Hand Weapons
 a - a +1 hand axe (weapon)
Armour
 b - a +0 animal skin (worn)
 i - a +2 hat (worn)
Jewellery
 g - a +2 ring of strength (left hand)
 p - a ring of resist corrosion (right hand)
Wands
 s - a wand of paralysis (16)
Scrolls
 d - 2 scrolls of amnesia
 h - 2 scrolls of random uselessness
 l - 2 scrolls of teleportation
Potions
 e - a potion of cancellation
 j - 2 potions of heal wounds
 k - a potion of agility
 n - 2 potions of flight
 o - 2 potions of invisibility
 q - a potion of mutation
 u - a potion of ambrosia {unknown}
 z - a potion of curing {unknown}
Comestibles
 c - 7 rations
 f - 2 chunks of flesh


   Skills:
 + Level 5.2 Fighting
 + Level 5.2 Axes
 + Level 4.4 Armour
 + Level 4.1 Dodging


You had 5 spell levels left.
You didn't know any spells.

Dungeon Overview and Level Annotations

Branches:
Dungeon (5/15)
 Temple: D:4-7

Altars:
Trog

Shops:
D:4 (


Innate Abilities, Weirdness & Mutations

You reflexively headbutt those who attack you in melee.
You have a pair of horns on your head.


Message History

* * * LOW HITPOINT WARNING * * *
The gnoll sergeant completely misses you.
Unknown command.
A red film seems to cover your vision as you go berserk!
You feel yourself moving faster!
You feel mighty!
You are feeling very hungry.
You feel sick.
The gnoll hits you with a spear of venom.
* * * LOW HITPOINT WARNING * * *
You are lethally poisoned!
The gnoll closely misses you. The gnoll hits you but does no damage.
The gnoll sergeant hits you with a spear of flaming!
* * * LOW HITPOINT WARNING * * *
The gnoll sergeant burns you.
* * * LOW HITPOINT WARNING * * *
You slash the gnoll!
You kill the gnoll!
Trog accepts your kill.
You hit the gnoll. You hit the gnoll sergeant. You closely miss the gnoll.
You die...

#.# #.#
#.#
###'####
#......#
#..†...#
#......+
#?.g...#
#..@)..#
#..gg..#
#......#
#......#
#......#
########


You could see a gnoll sergeant and 2 gnolls.

Vanquished Creatures
  The ghost of azzavlup the Slasher, an amateur DsAK of Lugonu (D:3)
  2 orc wizards
  6 gnolls
  6 adders
  An ooze (D:1)
  An adder skeleton (D:4)
  A worm (D:4)
  3 dart slugs
  4 leopard geckos
  6 orcs
  4 bats
  3 giant cockroaches
  6 goblins
  2 hobgoblins
  7 jackals
  A quokka (D:3)
  3 frilled lizards
  3 kobolds
  8 rats
68 creatures vanquished.

Notes
Turn   | Place    | Note
-------+----------+-------------------------------------------
     0 | D:1      | Borgoz the Minotaur Berserker began the quest for the Orb.
     0 | D:1      | Reached XP level 1. HP: 19/19 MP: 0/0
   178 | D:1      | Reached XP level 2. HP: 27/27 MP: 1/1
   487 | D:2      | Reached XP level 3. HP: 33/33 MP: 2/2
   518 | D:2      | Reached ** piety under Trog
  1224 | D:2      | Reached XP level 4. HP: 34/41 MP: 3/3
  1408 | D:3      | Noticed azzavlup's ghost (amateur DsAK)
  1420 | D:3      | Killed azzavlup's ghost
  1420 | D:3      | Reached XP level 5. HP: 34/47 MP: 4/4
  1765 | D:3      | Reached skill level 5 in Axes
  1772 | D:3      | Reached skill level 5 in Fighting
  1942 | D:4      | Reached XP level 6. HP: 36/56 MP: 5/5
  2402 | D:4      | Found a bloodstained altar of Trog.
  2536 | D:4      | Found Patad's Antique Weapon Boutique.
  2751 | D:5      | Entered Level 5 of the Dungeon
  2809 | D:5      | HP: 1/84 [gnoll sergeant/spear of flaming (4)]
  2810 | D:5      | Succumbed to a gnoll's poison

Vault maps used:
D:1:      minmay_arrival_up_and_down
D:3:      minmay_wonky_spiral
D:4:      lemuel_crystal_altar, serial_shops, shop
D:5:      serial_shops, shop, first_ration, enter_ossuary_1, fedhas_altar_1

Skill      XL: |  1  2  3  4  5  6 |
---------------+-------------------+-----
Fighting       | 4 5 |  5.2
Axes           | 4 5 |  5.2
Armour         | 3 4 |  4.4
Dodging        | 3 4 |  4.1

Action                   |  1- 3 |  4- 6 || total
-------------------------+-------+-------++-------
Melee: Hand axe          |    70 |   104 ||   174
       Headbutt          |    13 |    12 ||    25
Invok: Berserk           |       |     3 ||     3
  Use: Scroll            |       |    15 ||    15
 Stab: Sleeping          |     1 |     1 ||     2
  Eat: Chunk             |       |     4 ||     4
       Ration            |       |     1 ||     1
Armor: Animal skin       |    18 |    25 ||    43
Dodge: Dodged            |    48 |    75 ||   123

Table legend:
 A = Spawn XP
 B = Non-spawn XP
 C = Spawn XP percentage of total XP
 D = Spawn monster count
 E = Non-spawn monster count
 F = Spawn count percentage of total count
 G = Total turns spent on level
                    A         B        C        D         E        F      G
               +---------+---------+-------+---------+---------+-------+---------
         Total |       0 |     477 |   0.0 |       0 |      68 |   0.0 |  2810
               +---------+---------+-------+---------+---------+-------+---------
           D:1 |       0 |      39 |   0.0 |       0 |      12 |   0.0 |   692
           D:2 |       0 |      89 |   0.0 |       0 |      22 |   0.0 |   583
           D:3 |       0 |     204 |   0.0 |       0 |      19 |   0.0 |   642
           D:4 |       0 |      82 |   0.0 |       0 |      10 |   0.0 |   834
           D:5 |       0 |      63 |   0.0 |       0 |       5 |   0.0 |    59
               +---------+---------+-------+---------+---------+-------+---------
